 Dungeon Crawl Stone Soup version 0.30-a0-341-g682706514a (console) character file.

Game seed: 15361160051583237748

2687 jejorda2 the Spear-Bearer (level 9, -1/69 HPs)
             Began as a Merfolk Berserker on Nov 1, 2022.
             Was a Priest of Trog.
             Slain by a rust devil (9 damage)
             ... on level 6 of the Dungeon.
             The game lasted 00:15:22 (6277 turns).

jejorda2 the Spear-Bearer (Merfolk Berserker)       Turns: 6277, Time: 00:15:22

Health: -1/69      AC: -6    Str: 21    XL:     9   Next: 64%
Magic:  9/9        EV: 11    Int: 12    God:    Trog [***...]
Gold:   299        SH:  0    Dex: 14    Spells: 8/8 levels left

rFire   + . .      SeeInvis +    a - +0 halberd
rCold   + . .      Faith    .    (shield currently unavailable)
rNeg    . . .      Spirit   .    l - +3 ring mail {rC+}
rPois   .          Reflect  .    i - +0 helmet
rElec   .          Harm     .    (no cloak)
rCorr   +          Rampage  .    (no gloves)
Will    ++...                    t - +2 pair of boots
Stlth   +.........               (no amulet)
HPRegen 1.31/turn                r - ring of protection from fire
MPRegen 0.11/turn                A - ring of Fiasor {Contam rCorr AC+4 Int+6 SInv}

@: mighty, strong-willed (expiring), corroded, on berserk cooldown, regenerating
(expiring), slowed, very slow
A: (nimble swimmer 2), mertail
a: Renounce Religion, Berserk, Trog's Hand


You were on level 6 of the Dungeon.
You worshipped Trog.
Trog was most pleased with you.
You visited 1 branch of the dungeon, and saw 7 of its levels.

You collected 299 gold pieces.

Inventory:

Hand Weapons
 a - a +0 halberd (weapon)
 b - a +0 spear
Missiles
 e - 49 stones (quivered)
 u - 8 poisoned darts
 w - a curare-tipped dart
 y - 5 boomerangs
Armour
 i - a +0 helmet (worn)
 l - a +3 ring mail of cold resistance (worn)
 t - a +2 pair of boots (worn)
Jewellery
 c - a ring of ice
 r - a ring of protection from fire (left hand)
 s - a ring of resist corrosion
 A - the ring of Fiasor (right hand) {Contam rCorr AC+4 Int+6 SInv}
   (You found it on level 5 of the Dungeon)

   [ring of protection]

   AC:        It affects your AC (+4).
   Int:       It affects your intelligence (+6).
   SInv:      It lets you see invisible.
   Contam:    It causes magical contamination when unequipped.
   rCorr:     It protects you from acid and corrosion.
Wands
 h - a wand of charming (19)
Scrolls
 g - a scroll of summoning
 j - a scroll of enchant armour
 m - a scroll of brand weapon {unknown}
 v - a scroll of acquirement {unknown}
 z - a scroll of teleportation {unknown}
 B - 2 scrolls of butterflies {unknown}
 C - a scroll of blinking {unknown}
 D - a scroll of amnesia {unknown}
Potions
 d - 2 potions of flight
 k - 7 potions of curing
 n - a potion of attraction
 o - 2 potions of mutation
 p - a potion of heal wounds
 q - 2 potions of lignification
 x - a potion of invisibility {unknown}


   Skills:
 - Level 6.0 Fighting
 * Level 13.3 Polearms
 + Level 5.4 Armour
 - Level 2.6 Dodging


You had 8 spell levels left.
You didn't know any spells.
Your spell library was empty.

Dungeon Overview and Level Annotations

Branches:
Dungeon (7/15)
 Temple: D:4-7

Altars:
Ashenzari
Elyvilon
Makhleb
The Shining One

Shops:
D:2 [

Annotations:
D:6 2 transporters, drewk1942's ghost, novice TeFE


Innate Abilities, Weirdness & Mutations

((You are very nimble when in or above water. (Stealth+, EV+, Speed+++)))
Your lower body shifts to a powerful aquatic tail in water.


Message History

You slash the rust devil!
The rust devil is severely wounded.
You are no longer berserk.
You are exhausted.
You feel yourself slow down.
The orc warrior hits you with a +0 mace.
The rust devil hits you.
You hit the rust devil but do no damage.
The rust devil is severely wounded.
The orc warrior hits you with a +0 mace!
The rust devil closely misses you.
You barely miss the rust devil.
The rust devil is severely wounded.
The orc warrior hits you with a +0 mace.
The rust devil barely misses you.
You barely miss the rust devil.
The rust devil is severely wounded.
The orc warrior hits you with a +0 mace!
The rust devil hits you. The rust devil corrodes you!
The orc warrior hits you with a +0 mace.
The rust devil hits you.
* * * LOW HITPOINT WARNING * * *
The rust devil corrodes you!
You feel much better.
You feel the effects of Trog's Hand fading.
The orc warrior hits you with a +0 mace!
The rust devil completely misses you.
You feel very mighty all of a sudden. The orc warrior barely misses you.
The rust devil hits you.
The orc warrior hits you with a +0 mace!
* * * LOW HITPOINT WARNING * * *
The rust devil hits you.
* * * LOW HITPOINT WARNING * * *
The rust devil corrodes you!
You puncture the rust devil!
The rust devil is almost dead.
The orc warrior hits you with a +0 mace!
* * * LOW HITPOINT WARNING * * *
The rust devil hits you!
You die...

##....########..#
.+.......# ##.##
.#.......# ##.#
.#.[.....# ##..#
....########..######
.##.# ##..#.....### ....#
##.....###...## ....#
#....###>###..# .P..###
#...##♣.@.♣##.##
PP....###...#).4o..)#..#
PP..#..##..###.....###.##
....##.##..# +..8..+ #..#
....##>....###.....###..#
....##.###..#).....)#...#
....##....#.##♣...♣##...#
#########.#..###∩###...##
#......###.....#


You could see a rust devil and an orc warrior.

Vanquished Creatures
  A rust devil (D:6)
  Grinder (D:4)
  Sigmund (D:5)
  An orc warrior (D:6)
  An ice beast (D:6)
  A sky beast (D:6)
  2 ogres (D:5)
  A centaur (D:7)
  A phantom (D:5)
  2 kobold brigands (D:7)
  A bullfrog (D:7)
  A necrophage (D:5)
  A scorpion (D:5)
  5 wights (D:5)
  4 hounds
  3 jellies (D:5)
  A gnoll bouda (D:7)
  4 orc priests
  Natasha (thrice) (D:4)
  4 iguanas
  An orc wizard (D:4)
  8 gnolls
  11 adders
  4 dart slugs
  6 orcs
  7 ball pythons
  8 endoplasms
  8 goblins
  8 hobgoblins
  4 quokkas
  6 bats
  4 frilled lizards
  18 kobolds
  8 rats
140 creatures vanquished.

Vanquished Creatures (others)
  4 plants (D:5)
4 creatures vanquished.

Grand Total: 144 creatures vanquished

Notes
Turn   | Place    | Note
-------+----------+-------------------------------------------
     0 | D:1      | jejorda2 the Merfolk Berserker began the quest for the Orb.
     0 | D:1      | Reached XP level 1. HP: 18/18 MP: 1/1
     6 | D:1      | Noticed a wolf
     6 | D:1      | Noticed a polar bear
     8 | D:1      | Noticed a rime drake
     8 | D:1      | Noticed a water moccasin
   116 | D:1      | Reached XP level 2. HP: 24/24 MP: 2/2
   474 | D:1      | Reached XP level 3. HP: 28/29 MP: 3/3
   650 | D:1      | Reached ** piety under Trog
   952 | D:2      | Reached skill level 5 in Polearms
  1021 | D:2      | Found a broken altar of Ashenzari.
  1022 | D:2      | Found Tusim's Armour Shop.
  1120 | D:2      | Reached XP level 4. HP: 37/37 MP: 4/4
  2023 | D:3      | Found a faded altar of an unknown god.
  2400 | D:3      | Reached XP level 5. HP: 42/42 MP: 5/5
  2465 | D:3      | Reached skill level 6 in Polearms
  2702 | D:4      | Noticed Grinder
  2722 | D:4      | Killed Grinder
  2723 | D:4      | Reached skill level 7 in Polearms
  2723 | D:4      | Reached XP level 6. HP: 50/50 MP: 6/6
  3008 | D:3      | Reached skill level 5 in Fighting
  3072 | D:4      | Reached XP level 7. HP: 48/56 MP: 7/7
  3409 | D:4      | Reached skill level 8 in Polearms
  3558 | D:4      | Noticed Natasha
  3563 | D:4      | Killed Natasha
  3590 | D:4      | Noticed Natasha
  3597 | D:4      | Killed Natasha
  3677 | D:4      | Noticed Natasha
  3681 | D:4      | Killed Natasha
  3812 | D:5      | Entered Level 5 of the Dungeon
  3834 | D:5      | Noticed Sigmund
  3854 | D:5      | Killed Sigmund
  3855 | D:5      | Reached skill level 9 in Polearms
  3856 | D:5      | Reached XP level 8. HP: 64/64 MP: 8/8
  4230 | D:5      | Reached skill level 10 in Polearms
  4713 | D:5      | Reached skill level 11 in Polearms
  4817 | D:5      | Found a burning altar of Makhleb.
  4963 | D:5      | Found a white marble altar of Elyvilon.
  5002 | D:5      | Identified the ring of Fiasor {Contam rCorr AC+4 Int+6
                  | SInv}
  5028 | D:5      | Found a glowing golden altar of the Shining One.
  5131 | D:6      | Reached XP level 9. HP: 60/69 MP: 9/9
  5219 | D:6      | Found a transporter.
  5219 | D:6      | Noticed drewk1942's ghost (novice TeFE)
  5221 | D:6      | Identified the +6 great mace "Teap" {flame, rCorr Int+2
                  | Dex+4 Stlth-}
  5221 | D:6      | Noticed a two-headed ogre
  5230 | D:6      | Found a transporter.
  5756 | D:6      | Reached skill level 12 in Polearms
  6033 | D:7      | Reached skill level 5 in Armour
  6039 | D:7      | Reached *** piety under Trog
  6252 | D:6      | Noticed a rust devil
  6252 | D:6      | Noticed a rust devil
  6265 | D:6      | Killed a rust devil
  6266 | D:6      | Reached skill level 13 in Polearms
  6277 | D:6      | Slain by a rust devil

Illustrated notes

Levels and vault maps discovered:
D:1:      onia_arrival_zoo_common, layout_basic, minmay_indecisive_spiral
D:2:      layout_basic, serial_shops, shop, basic_altar
D:3:      layout_rooms, nicolae_ecumenical_lake_church, grunt_ministairs_7,
          minmay_misc_feat_tower
D:4:      layout_gridville, uniq_natasha, uniq_grinder
D:5:      layout_basic, lightli_temple_of_fire, nicolae_elyvilon_temple_path,
          tso_altar, uniq_sigmund
D:6:      cheibrodos_iron_armory, layout_basic, gammafunk_ghost_smash,
          dreamdust_mushroom_princess, grunt_ministairs_9
D:7:      layout_basic, kennysheep_mini_moat, minmay_temple_entry_proselytizer

Skill      XL: |  1  2  3  4  5  6  7  8  9 |
---------------+----------------------------+-----
Polearms       | 5 7 9 11 13 | 13.3
Armour         | 2 3 4 5 |  5.4
Fighting       | 4 5 6 |  6.0
Dodging        | |  2.6

Action                   |  1- 3 |  4- 6 |  7- 9 || total
-------------------------+-------+-------+-------++-------
Melee: Spear             |   115 |    66 |       ||   181
       Punch             |     1 |     1 |       ||     2
       Halberd           |       |    66 |   275 ||   341
Throw: Stone             |       |       |    15 ||    15
Invok: Berserk           |       |     3 |     8 ||    11
       Trog's Hand       |       |     2 |     3 ||     5
  Use: Scroll            |       |    10 |     3 ||    13
       Potion            |       |       |     2 ||     2
 Stab: Distracted        |       |       |     1 ||     1
Armor: Leather armour    |     6 |       |       ||     6
       Ring mail         |    15 |    51 |    99 ||   165
Dodge: Dodged            |    43 |    67 |   122 ||   232

Table legend: (Time is in decaauts)
 A = Elapsed time spent in this place.
 B = Non-inter-level travel time spent in this place.
 C = Inter-level travel time spent in this place.
 D = Time resting spent in this place.
 E = Time spent auto-exploring this place.
 F = Levels seen in this place.
 G = Mean time per level.
                   A        B        C        D        E       F      G
               +--------+--------+--------+--------+--------+-----+--------+
         Total |   6319 |   5922 |    397 |    690 |   4067 |   7 |  902.7 |
       Dungeon |   6319 |   5922 |    397 |    690 |   4067 |   7 |  902.7 |
               +--------+--------+--------+--------+--------+-----+--------+

Top non-repeatable levels by time:
     D:5: 1347 daAuts
     D:3: 1064 daAuts
     D:2: 974 daAuts
     D:1: 936 daAuts
     D:6: 907 daAuts
     D:4: 844 daAuts
     D:7: 245 daAuts
